 Dungeon Crawl Stone Soup version 0.18-a0-1468-gaf180a1 (webtiles) character file.

5677 Duffy the Nimble (level 10, 0/63 HPs)
             Began as a Deep Elf Fire Elementalist on Mar 2, 2016.
             Was an Elder of Vehumet.
             Killed from afar by Erica (23 damage)
             ... with a bolt of poison
             ... on level 9 of the Dungeon.
             The game lasted 00:16:25 (10290 turns).

Duffy the Nimble (Deep Elf Fire Elementalist)      Turns: 10290, Time: 00:16:26

Health: 0/63       AC: 15    Str:  5    XL:     10   Next: 47%
Magic:  8/21       EV: 18    Int: 21    God:    Vehumet [****..]
Gold:   807        SH:  0    Dex: 18    Spells: 4 memorised, 8 levels left

rFire  . . .     SeeInvis .     S - +3 dagger (protect)
rCold  + . .     Gourm    .     O - +3 leather armour "Bicsosh" {rC+}
rNeg   . . .     Faith    .     (no shield)
rPois  .         Spirit   .     x - +0 helmet
rElec  .         Dismiss  .     R - +0 cloak
rCorr  .         Reflect  .     Q - +0 pair of gloves
SustAt .         Harm     +     o - +0 pair of boots
MR     ++...                    s - amulet of harm
Stlth  ++........               (no ring)
                                l - ring of protection from magic

@: lethally poisoned (0 -> -15), very resistant to hostile enchantments,
unstealthy
A: no striking features
a: Renounce Religion


You were on level 9 of the Dungeon.
You worshipped Vehumet.
Vehumet was greatly pleased with you.
You were not hungry.

You visited 2 branches of the dungeon, and saw 10 of its levels.
You also visited: Ossuary.

You collected 807 gold pieces.


   Skills:
 - Level 7.2 Fighting
 - Level 10.4 Dodging
 - Level 2.4 Stealth
 + Level 6.1 Spellcasting
 * Level 7.6 Conjurations
 * Level 7.3 Fire Magic


You had 8 spell levels left.
You knew the following spells:

 Your Spells              Type           Power        Failure   Level  Hunger
a - Flame Tongue          Conj/Fire      #####        1%          1    None
j - Sticky Flame          Conj/Fire      #####...     2%          4    ####...
k - Fireball              Conj/Fire      #####.....   5%          5    #####..
l - Conjure Flame         Conj/Fire      #####...     1%          3    ##.....

Inventory:

Hand Weapons
 i - a +2 dagger of electrocution
 w - a +2 battleaxe of freezing
 P - a +0 blowgun
 S - a +3 dagger of protection (weapon)
Missiles
 n - 85 poisoned needles
Armour
 a - a +0 robe
 o - a +0 pair of boots (worn)
 x - a +0 helmet (worn)
 O - the +3 leather armour "Bicsosh" (worn) {rC+}

   It protects you from cold.
 Q - a +0 pair of gloves (worn)
 R - a +0 cloak (worn)
 U - a +1 leather armour of poison resistance
Jewellery
 l - a ring of protection from magic (left hand)
 s - an amulet of harm (around neck)
 X - a +3 ring of intelligence {unknown}
Wands
 F - a wand of flame (20/48)
 V - a wand of paralysis (10/24)
Scrolls
 d - 3 scrolls of random uselessness {unknown}
 e - 3 scrolls of amnesia {unknown}
 g - 2 scrolls of fog {unknown}
 p - 3 scrolls of magic mapping {unknown}
 q - 8 scrolls of remove curse {unknown}
 t - 7 scrolls of teleportation {unknown}
 u - 3 scrolls of fear {unknown}
 v - a scroll of enchant armour {unknown}
 y - a scroll of recharging {unknown}
 G - 2 scrolls of immolation {unknown}
 K - 2 scrolls of noise {unknown}
 W - a scroll of identify
Potions
 f - 3 potions of brilliance
 h - 3 potions of lignification
 j - a potion of ambrosia
 m - 3 potions of agility
 r - 3 potions of flight
 A - 2 potions of haste
 D - a potion of heal wounds
 E - 2 potions of invisibility
 H - a potion of might
 I - 2 potions of cure mutation
 J - 2 potions of cancellation
 L - 3 potions of curing
 M - 2 potions of berserk rage
 N - a potion of magic
Books
 b - a book of Flames
Comestibles
 c - 7 bread rations
 k - 4 meat rations
 z - 2 royal jellies
 B - 4 fruits
 C - 4 beef jerkies
 T - 2 chunks of flesh

Dungeon Overview and Level Annotations

Branches:
Dungeon (9/15)             Temple (1/1) D:4             Orc (0/2) D:9
   Lair: D:8-11

Altars:
Ashenzari
Elyvilon
Fedhas
Gozag
Kikubaaqudgha
Okawaru
Pakellas
Sif Muna
Trog
Vehumet
Xom
The Shining One

Shops:
D:8 (

Annotations:
D:9 Erica


Message History

Some of the chunks of flesh in your inventory have rotted away.
Cast which spell? (? or * to list)
Aiming: Flame Tongue
Press: ? - help, Shift-Dir - straight line, f/p - Erica
Aim: Erica, wielding a scimitar of flaming and wearing a runed robe (heavily wounded, fast, slightly transparent, covered in liquid flames)
The flame tongue hits Erica.
Erica is heavily wounded.
Erica burns!
Erica closely misses you.
Erica hits you with a scimitar of flaming.
Erica burns you.
Cast which spell? (? or * to list)
Aiming: Flame Tongue
Press: ? - help, Shift-Dir - straight line, f/p - Erica
Aim: Erica, wielding a scimitar of flaming and wearing a runed robe (severely wounded, fast, slightly transparent, covered in liquid flames)
The flame tongue hits Erica.
Erica is severely wounded.
You feel sick.
Erica burns!
Erica closely misses you.
Cast which spell? (? or * to list)
Aiming: Flame Tongue
Press: ? - help, Shift-Dir - straight line, f/p - Erica
Aim: Erica, wielding a scimitar of flaming and wearing a runed robe (severely wounded, fast, slightly transparent, covered in liquid flames)
The flame tongue hits Erica.
Erica appears unharmed.
Erica is severely wounded.
You feel sick.
Erica burns!
Erica barely misses you.
Cast which spell? (? or * to list)
Aiming: Flame Tongue
Press: ? - help, Shift-Dir - straight line, f/p - Erica
Aim: Erica, wielding a scimitar of flaming and wearing a runed robe (severely wounded, fast, slightly transparent, covered in liquid flames)
The flame tongue hits Erica.
Erica is severely wounded.
You feel sick.
Erica burns!
Erica gestures at you while chanting. The bolt of poison hits you!
You are more poisoned.
You die...

........##..#.#####.......##
...........##.# #.(.....#
######...####.# #.......#
#...# #.# ##.....## #.#..
#[# ###....# ...###. #.#
##.<..#...# ####
#.#.####..######..#
#....#...## ...... #...@.##
... .. #.###@.# .... # ##.#
..... #.##..... ####>.......
..##...........
......?.%.......
....#...........
................


You could see Erica (burning).

Action                   |  1- 3 |  4- 6 |  7- 9 | 10-12 || total
-------------------------+-------+-------+-------+-------++-------
Melee: Dagger            |     1 |    40 |    31 |     9 ||    81
 Cast: Flame Tongue      |    81 |    75 |   346 |    92 ||   594
       Conjure Flame     |       |     3 |     5 |     4 ||    12
       Sticky Flame      |       |     1 |     7 |     8 ||    16
  Use: Scroll            |       |     7 |     7 |     2 ||    16
       Potion            |       |       |     2 |       ||     2
 Stab: Sleeping          |       |     2 |     1 |       ||     3
  Eat: Chunk             |     2 |     6 |    19 |     4 ||    31

Notes
Turn   | Place    | Note
--------------------------------------------------------------
     0 | D:1      | Duffy the Deep Elf Fire Elementalist began the quest for the Orb.
     0 | D:1      | Reached XP level 1. HP: 10/10 MP: 6/6
    66 | D:1      | Reached skill level 2 in Conjurations
    66 | D:1      | Reached XP level 2. HP: 15/15 MP: 4/8
   331 | D:1      | Reached skill level 3 in Conjurations
   505 | D:1      | Reached XP level 3. HP: 19/19 MP: 7/9
   510 | D:1      | Learned a level 3 spell: Conjure Flame
  1499 | D:2      | Found an ancient bone altar of Kikubaaqudgha.
  1764 | D:2      | Reached XP level 4. HP: 21/24 MP: 7/11
  1770 | D:2      | Learned a level 4 spell: Sticky Flame
  1829 | D:2      | Reached skill level 4 in Fire Magic
  2171 | D:3      | Noticed bsdbeard's ghost (amateur OpTm)
  2191 | D:3      | Killed bsdbeard's ghost
  2191 | D:3      | Reached skill level 4 in Spellcasting
  2191 | D:3      | Reached skill level 4 in Conjurations
  2191 | D:3      | Reached skill level 5 in Fire Magic
  2191 | D:3      | Reached XP level 5. HP: 28/28 MP: 0/13
  2191 | D:3      | Reached XP level 6. HP: 32/32 MP: 0/14
  2296 | D:3      | Learned a level 5 spell: Fireball
  2361 | D:3      | Noticed Robin
  2395 | D:3      | Reached skill level 5 in Conjurations
  2620 | D:3      | Killed Robin
  3324 | D:4      | Found a staircase to the Ecumenical Temple.
  3335 | Temple   | Entered the Ecumenical Temple
  3341 | Temple   | Became a worshipper of Vehumet
  3535 | D:4      | Reached skill level 5 in Spellcasting
  3535 | D:4      | Reached skill level 6 in Fire Magic
  3535 | D:4      | Reached XP level 7. HP: 36/36 MP: 6/16
  3866 | D:4      | Reached skill level 6 in Conjurations
  4534 | D:5      | Entered Level 5 of the Dungeon
  4542 | D:4      | Reached skill level 3 in Dodging
  4575 | D:5      | Reached skill level 1 in Fighting
  4698 | D:5      | Reached * piety under Vehumet
  4698 | D:5      | Offered knowledge of Magic Dart by Vehumet.
  4788 | D:5      | Found a sand-covered staircase.
  4802 | Ossuary  | Entered an ossuary
  4899 | Ossuary  | Reached skill level 4 in Dodging
  4963 | Ossuary  | Reached skill level 2 in Fighting
  5309 | D:5      | Got a twisted leather armour
  5320 | D:5      | Identified the +3 leather armour "Bicsosh" {rC+} (You found it on level 5 of the Dungeon)
  5551 | D:5      | Found a shimmering altar of Xom.
  5551 | D:5      | Found an opulent altar of Gozag.
  5656 | D:5      | Reached XP level 8. HP: 45/45 MP: 13/17
  5736 | D:6      | Gained mutation: You are covered in fur (AC +1). [potion of beneficial mutation]
  5767 | D:6      | Reached skill level 3 in Fighting
  5767 | D:6      | Reached skill level 5 in Dodging
  5772 | D:6      | Reached ** piety under Vehumet
  5855 | D:6      | Offered knowledge of Searing Ray by Vehumet.
  5888 | D:6      | Lost mutation: You are covered in fur (AC +1). [potion of cure mutation]
  5985 | D:6      | Reached skill level 6 in Dodging
  6158 | D:6      | Reached skill level 4 in Fighting
  6379 | D:6      | Found a blossoming altar of Fedhas.
  6590 | D:6      | Reached skill level 7 in Dodging
  6907 | D:6      | Offered knowledge of Throw Frost by Vehumet.
  7014 | D:7      | Found a bloodstained altar of Trog.
  7039 | D:7      | Reached skill level 5 in Fighting
  7039 | D:7      | Reached XP level 9. HP: 45/54 MP: 13/18
  7387 | D:7      | Reached *** piety under Vehumet
  7423 | D:7      | Noticed Menkaure
  7437 | D:7      | Reached skill level 8 in Dodging
  7446 | D:7      | Killed Menkaure
  7928 | D:7      | Reached skill level 6 in Fighting
  7934 | D:7      | Reached skill level 9 in Dodging
  7951 | D:7      | Offered knowledge of Olgreb's Toxic Radiance by Vehumet.
  8391 | D:8      | Noticed a brown ugly thing
  8407 | D:8      | Found Casius's Weapon Shoppe.
  8775 | D:8      | Reached skill level 10 in Dodging
  8875 | D:8      | Reached skill level 7 in Fighting
  8901 | D:8      | Reached **** piety under Vehumet
  9037 | D:8      | Offered knowledge of Mephitic Cloud by Vehumet.
  9117 | D:8      | Reached XP level 10. HP: 61/63 MP: 14/19
  9118 | D:8      | Found a shattered altar of Ashenzari.
  9147 | D:8      | Found an iron altar of Okawaru.
  9346 | D:8      | Found an oddly glowing altar of Pakellas.
  9678 | D:9      | Found a staircase to the Orcish Mines.
  9680 | D:9      | Reached skill level 7 in Conjurations
  9699 | D:9      | Reached skill level 7 in Fire Magic
  9901 | D:9      | Reached skill level 6 in Spellcasting
 10269 | D:9      | Noticed Erica
 10290 | D:9      | Killed from afar by Erica

Vault maps used:
D:1:      eino_arrival_cavern_a, serial_forest, infiniplex_forest_clump_tiny,
          infiniplex_forest_lined_corner, infiniplex_forest_lined_3,
          infiniplex_forest_clump_C, infiniplex_forest_end_double
D:2:      overflow_temple_1_default, grunt_decor_cap
D:3:      first_bread, serial_forest, infiniplex_forest_straight_2,
          infiniplex_forest_corner_1, infiniplex_forest_pool,
          infiniplex_forest_straight_3, infiniplex_forest_lined_corner,
          infiniplex_forest_diagonal, infiniplex_forest_lined_2,
          infiniplex_forest_lined_corner, infiniplex_forest_lined_ring,
          uniq_robin
D:4:      minmay_temple_entry_glassed_door
D:5:      amethyst_overflow_temple_binary, lightli_ossuary_entry_decrepit_ruins
D:6:      corexii_shack_village, fedhas_altar_3
D:7:      bloody_trog, the_bakery, uniq_menkaure
D:8:      okawaru_humans, grunt_pakellas_basics, cheibrodos_ashenzari_chains,
          serial_shops, nicolae_shop_trees, kb_lookout_dungeons_type,
          lightli_corner_chamber
D:9:      cheibriados_altar_wand_db, orc_david_3, stair_cage_line, uniq_erica
Temple:   triangle_lava_temple_11
Ossuary:  ossuary_tomb_3

Vanquished Creatures
  The ghost of bsdbeard the Changer, an amateur OpTm
  A spriggan
  A wyvern
  5 yaks
  2 humans Menkaure
  2 water moccasins
  4 orc warriors
  3 ice beasts
  A black bear
  2 sky beasts
  4 ogres
  2 phantoms
  2 centaurs
  A big kobold
  4 giant frogs
  2 scorpions
  4 killer bees
  A howler monkey
  3 wights
  2 crimson imps
  5 hounds
  2 orc priests
  A gnoll shaman
  2 jellies
  4 worker ants
  A giant frog skeleton
  5 iguanas
  10 orc wizards
  3 hound zombies
  A hound skeleton
  8 mummies Robin
  19 gnolls
  8 adders
  2 shadow imps
  3 oozes
  2 adder zombies
  2 adder skeletons
  2 worms
  A dart slug
  7 giant geckos
  36 orcs
  A ball python
  7 bats
  7 giant cockroaches
  10 goblins
  21 hobgoblins
  14 jackals
  17 kobolds
  5 quokkas
  A giant gecko skeleton
  5 giant newts
  3 gnoll zombies
  4 hobgoblin zombies
  An orc zombie
  A quokka skeleton
  5 rats
  A bush
  A fungus
  A plant
278 creatures vanquished.
